 Dungeon Crawl Stone Soup version 0.27-a0-67-g4bfc8a49e1 (webtiles) character file.

Game seed: 16693673052286427518

17513 Borgoz the Grappler (level 12, -2/106 HPs)
             Began as a Ghoul Gladiator on Jan 9, 2021.
             Was a Believer of Makhleb.
             Slain by an orc warrior
             ... wielding a +0 dire flail
              (20 damage)
             ... on level 12 of the Dungeon.
             The game lasted 00:16:18 (13418 turns).

Borgoz the Grappler (Ghoul Gladiator)              Turns: 13418, Time: 00:16:19

Health: -2/106     AC: -1    Str: 19    XL:     12   Next: 48%
Magic:  11/11      EV: 17    Int:  4    God:    Makhleb [**....]
Gold:   744        SH:  0    Dex: 13    Spells: 11/11 levels left

rFire    + . .     SeeInvis .     - Unarmed
rCold    + . .     Faith    .   (no shield)
rNeg     + + +     Spirit   .   k - +2 ring mail {rF+}
rPois    ∞         Reflect  .   b - +1 helmet
rElec    .         Harm     .   f - +0 cloak
rCorr    .         Rampage  .   (no gloves)
Will     .....                  s - +0 pair of boots
Stlth    ++........             (no amulet)
HPRegen  0.00/turn              q - ring of stealth
MPRegen  0.12/turn              o - +4 ring of protection

@: corroded
A: claws 1, cold resistance 1, negative energy resistance 3, inhibited
regeneration, torment resistance, unbreathing
a: Renounce Religion, Minor Destruction


You were on level 12 of the Dungeon.
You worshipped Makhleb.
Makhleb was pleased with you.
You visited 2 branches of the dungeon, and saw 13 of its levels.

You collected 744 gold pieces.

Inventory:

Missiles
 c - 2 throwing nets (quivered)
Armour
 b - a +1 helmet (worn)
 f - a +0 cloak (worn)
 k - a +2 ring mail of fire resistance (worn)
 s - a +0 pair of boots (worn)
Jewellery
 o - a +4 ring of protection (right claw)
 q - a ring of stealth (left claw)
Wands
 u - a wand of paralysis (6)
Scrolls
 a - a scroll of fog {unknown}
 d - 3 scrolls of magic mapping
 e - 9 scrolls of amnesia
 g - a scroll of blinking {unknown}
 h - 9 scrolls of remove curse
 i - 4 scrolls of teleportation
 j - 3 scrolls of enchant weapon
 m - 4 scrolls of enchant armour
 t - a scroll of brand weapon {unknown}
 v - 3 scrolls of fear {unknown}
 w - a scroll of noise {unknown}
Potions
 n - a potion of might
 p - 2 potions of flight
 r - 3 potions of brilliance
 x - a potion of haste
 z - a potion of berserk rage {unknown}


   Skills:
 + Level 10.1 Fighting
 - Level 1.7 Throwing
 * Level 11.9 Dodging
 * Level 13.8 Unarmed Combat


You had 11 spell levels left.
You didn't know any spells.
Your spell library contained the following spells:

 Spells                   Type           Power        Failure   Level
 Foxfire                  Conj/Fire      0%           69%         1
 Summon Small Mammal      Summ           0%           69%         1
 Call Imp                 Summ           0%           83%         2
 Call Canine Familiar     Summ           0%           96%         3
 Conjure Flame            Conj/Fire      0%           96%         3
 Inner Flame              Hex/Fire       0%           96%         3
 Summon Guardian Golem    Hex/Summ       0%           96%         3
 Sticky Flame             Conj/Fire      0%           100%        4
 Summon Ice Beast         Ice/Summ       0%           100%        4
 Summon Lightning Spire   Summ/Air       0%           100%        4
 Fireball                 Conj/Fire      0%           100%        5


Dungeon Overview and Level Annotations

Branches:
Dungeon (11/15)            Temple (1/1) D:6            Lair (0/6) D:8
    Orc: D:9-12

Altars:
Ashenzari
Cheibriados
Dithmenos
Elyvilon
Fedhas
Gozag
Hepliaklqana
Kikubaaqudgha
Makhleb
Nemelex Xobeh
Okawaru
Qazlal
Ru
Sif Muna
Trog
Uskayaw
Vehumet
Wu Jian
Xom
Yredelemnul
Zin
The Shining One

Shops:
D:6 :   D:11 (


Innate Abilities, Weirdness & Mutations

You thrive by killing the living.
You are immune to poison.
You have sharp fingernails.
Your flesh is cold resistant. (rC+)
You are immune to negative energy. (rN+++)
You do not regenerate when monsters are visible.
You are immune to unholy pain and torment.
You can survive without breathing.


Message History

You closely miss the orc warrior.
The orc warrior is lightly wounded.
The orc warrior hits you with a +0 dire flail!!
* * * LOW HITPOINT WARNING * * *
You closely miss the orc warrior.
The orc warrior is lightly wounded.
You claw the orc warrior!
The orc warrior is heavily wounded.
The orc warrior barely misses you.
You scratch the orc warrior but do no damage.
The orc warrior is heavily wounded.
An orc comes into view. It is wielding a +0 trident.
The orc warrior hits you with a +0 dire flail!
* * * LOW HITPOINT WARNING * * *
You claw the orc warrior!
The orc warrior is almost dead.
An orc comes into view.
You feel better.
The orc warrior hits you with a +0 dire flail!!
You die...

##.## ..... ####
... ###
#.)##.§.##.[#
#...##.##...#
##)..#.#[).#
##.§#§#@.## .#
..###.oo###...#
.......o8oZ......
....###..o###....
.. #.'#.#'F# ..
#...#.#...# #...
#o##...# #[. .o.
#.!# ### ... ###


You could see 2 orc warriors, an orc wizard and 4 orcs.

Vanquished Creatures
  Erolcha (D:11)
  A hydra (D:12)
  A death knight (D:11)
  5 two-headed ogres
  An unseen horror (D:10)
  An ugly thing (D:11)
  An orc knight (D:12)
  A cyclops (D:11)
  2 gargoyles
  3 centaur skeletons
  A komodo dragon (D:10)
  A kobold demonologist (D:12)
  2 trolls (D:12)
  A slime creature (D:12)
  Prince Ribbit (D:5)
  Sigmund (D:5)
  A wraith (D:12)
  9 yaks
  4 vampire mosquitoes (D:12)
  A soldier ant (D:12)
  Edmund (D:5)
  A water moccasin (D:4)
  2 black bears
  2 ice beasts (D:10)
  4 orc warriors
  A sky beast (D:12)
  A phantom (D:8)
  4 ogres
  A necrophage (D:8)
  6 centaurs
  Blork the orc (D:5)
  7 bullfrogs
  A gnoll sergeant (D:7)
  2 wyvern skeletons
  19 killer bees
  9 scorpions
  3 wights (D:6)
  2 howler monkeys (D:8)
  2 bullfrog zombies
  9 hounds
  2 quasits
  2 jellies (D:7)
  4 orc priests
  7 orc wizards
  Terence (D:2)
  3 iguanas
  9 worker ants
  A hound zombie (D:11)
  A hound skeleton (D:6)
  A worker ant zombie (D:10)
  9 gnolls
  10 adders
  A shadow imp (D:7)
  4 white imps
  An adder skeleton (D:9)
  2 worms (D:2)
  4 dart slugs
  7 leopard geckos
  25 orcs
  4 ball pythons
  5 giant cockroaches
  8 goblins
  5 hobgoblins
  4 jackals (D:10)
  6 kobolds
  4 quokkas
  7 bats
  A frilled lizard (D:1)
  A leopard gecko skeleton (D:5)
  A quokka zombie (D:5)
  8 rats
  A spectral orc (D:5)
266 creatures vanquished.

Vanquished Creatures (others)
  18 fungi (D:8)
  23 plants
41 creatures vanquished.

Grand Total: 307 creatures vanquished

Notes
Turn   | Place    | Note
-------+----------+-------------------------------------------
     0 | D:1      | Borgoz the Ghoul Gladiator began the quest for the Orb.
     0 | D:1      | Reached XP level 1. HP: 17/17 MP: 0/0
    34 | D:1      | Reached XP level 2. HP: 25/25 MP: 1/1
   759 | D:2      | Reached XP level 3. HP: 30/30 MP: 2/2
   795 | D:2      | Noticed Terence
   810 | D:2      | Reached skill level 4 in Unarmed Combat
   823 | D:2      | Killed Terence
   824 | D:2      | Reached XP level 4. HP: 23/37 MP: 3/3
  1123 | D:2      | Found a broken altar of Ashenzari.
  1145 | D:2      | Reached XP level 5. HP: 45/45 MP: 4/4
  2187 | D:3      | Found an iron altar of Okawaru.
  2229 | D:3      | Found a stormy altar of Qazlal.
  2441 | D:4      | Reached skill level 5 in Unarmed Combat
  2537 | D:4      | Reached XP level 6. HP: 42/51 MP: 5/5
  2637 | D:4      | Found a shadowy altar of Dithmenos.
  2918 | D:4      | Noticed a water moccasin
  2937 | D:4      | Killed a water moccasin
  2938 | D:4      | Reached XP level 7. HP: 43/59 MP: 6/6
  3105 | D:4      | Reached skill level 5 in Dodging
  3126 | D:4      | Reached skill level 6 in Unarmed Combat
  3186 | D:4      | Found a sacrificial altar of Ru.
  3640 | D:5      | Entered Level 5 of the Dungeon
  4292 | D:5      | Noticed Blork the orc
  4302 | D:5      | Killed Blork the orc
  4530 | D:5      | Noticed Prince Ribbit
  4678 | D:5      | Reached XP level 8. HP: 39/67 MP: 7/7
  4760 | D:5      | Killed Prince Ribbit
  4761 | D:5      | Reached skill level 5 in Fighting
  4761 | D:5      | Reached skill level 7 in Unarmed Combat
  4990 | D:5      | Noticed Sigmund
  5007 | D:5      | Killed Sigmund
  5020 | D:5      | Got a scorched whip
  5025 | D:5      | Noticed Edmund
  5062 | D:5      | Killed Edmund
  5190 | D:5      | Identified the cursed +1 whip of the Shining Light {vorpal,
                  | rC+ Will+ Dex+3} (You found it on level 5 of the Dungeon)
  5301 | D:5      | Found a basalt altar of Yredelemnul.
  5450 | D:6      | Found a staircase to the Ecumenical Temple.
  5468 | D:6      | Reached skill level 8 in Unarmed Combat
  5640 | D:6      | Reached XP level 9. HP: 73/75 MP: 8/8
  5861 | D:6      | Found Feilifal's Book Emporium.
  5916 | D:6      | Found a hazy altar of Hepliaklqana.
  6297 | D:7      | Reached skill level 9 in Unarmed Combat
  6998 | D:7      | Found a radiant altar of Vehumet.
  7063 | Temple   | Entered the Ecumenical Temple
  7631 | D:8      | Reached skill level 10 in Unarmed Combat
  7829 | D:8      | Reached XP level 10. HP: 79/86 MP: 9/9
  8350 | D:8      | Found a staircase to the Lair.
  9345 | D:9      | Found a burning altar of Makhleb.
  9346 | D:9      | Found a sparkling altar of Nemelex Xobeh.
  9828 | D:9      | Reached skill level 11 in Unarmed Combat
  9885 | D:9      | Became a worshipper of Makhleb the Destroyer
  9896 | D:10     | Entered Level 10 of the Dungeon
  9975 | D:10     | Killed an unseen horror
 10066 | D:10     | Noticed a two-headed ogre
 10078 | D:10     | Killed a two-headed ogre
 10079 | D:10     | Reached XP level 11. HP: 63/95 MP: 10/10
 10307 | D:10     | Reached skill level 10 in Dodging
 10421 | D:10     | Reached * piety under Makhleb
 10975 | D:11     | Noticed Erolcha
 11192 | D:11     | Reached skill level 12 in Unarmed Combat
 11198 | D:11     | Noticed a white ugly thing
 11217 | D:11     | Killed a white ugly thing
 11445 | D:11     | Killed Erolcha
 11788 | D:11     | Noticed a cyclops
 11791 | D:11     | Noticed a two-headed ogre
 11798 | D:11     | HP: 4/95 [two-headed ogre/+0 giant club (7)]
 12295 | D:11     | Found Lutu's Antique Weapon Boutique.
 12315 | D:11     | Killed a cyclops
 12406 | D:11     | Killed a two-headed ogre
 12535 | D:11     | Noticed a death knight
 12549 | D:11     | Killed a death knight
 12903 | D:11     | Noticed a cyclops
 12907 | D:11     | You fall into a shaft and drop 1 floor!
 12907 | D:12     | Noticed a four-headed hydra
 12913 | D:12     | Killed a four-headed hydra
 12914 | D:12     | Reached skill level 13 in Unarmed Combat
 12921 | D:12     | Reached XP level 12. HP: 35/105 MP: 11/11
 13302 | D:12     | Reached ** piety under Makhleb
 13327 | D:12     | Noticed a two-headed ogre
 13329 | D:12     | Noticed a two-headed ogre
 13339 | D:12     | Noticed a two-headed ogre
 13345 | D:12     | Noticed a soul eater
 13355 | D:12     | Killed a two-headed ogre
 13363 | D:12     | Killed a two-headed ogre
 13364 | D:12     | Reached skill level 10 in Fighting
 13371 | D:12     | Killed a two-headed ogre
 13418 | D:12     | Slain by an orc warrior

Illustrated notes

Levels and vault maps discovered:
D:1:      lemuel_arrival_broad_hall, layout_basic
D:2:      layout_basic, general_overflow_altar, uniq_terence
D:3:      layout_rooms, lemuel_coloured_pillars_altar, lemuel_doored_altar,
          minmay_bisected
D:4:      layout_basic, nicolae_ru_sacrificial_ziggurat,
          nicolae_overflow_crystal_walls, serial_bayou, serial_bayou_pond_c,
          serial_bayou_lake_a, serial_bayou_pond_a, serial_bayou_crossing
D:5:      layout_cave_pools, yredelemnul_forgotten_temple_becter,
          lemuel_old_faithful, uniq_sigmund, uniq_prince_ribbit1, uniq_edmund,
          uniq_blork_the_orc
D:6:      layout_cave_pools, marbit_many_paths, minmay_temple_entry_mist,
          serial_shops, nicolae_shop_behind_doors
D:7:      layout_loops_ring, nicolae_overflow_hidden_temple
D:8:      layout_basic, grunt_lair_entry_orc_guard_hut
D:9:      layout_basic, gammafunk_temple_overflow_pools
D:10:     layout_cave_pods, kennysheep_flooded_box
D:11:     layout_cave_pods, serial_shops, nicolae_shop_overgrown_old_shop,
          uniq_erolcha
D:12:     cheibrodos_barr_body, layout_small_grid, david_orc_4, uniq_snorg
Temple:   minmay_temple_forest_path

Skill      XL: |  1  2  3  4  5  6  7  8  9 10 11 12 |
---------------+-------------------------------------+-----
Dodging        | 3 4 5 7 8 9 11 | 11.9
Unarmed Combat | 4 5 6 8 10 11 13 | 13.8
Fighting       | 3 4 5 7 8 9 10 | 10.1
Throwing       | |  1.7

Action                   |  1- 3 |  4- 6 |  7- 9 | 10-12 || total
-------------------------+-------+-------+-------+-------++-------
Melee: Unarmed           |    66 |   211 |   364 |   548 ||  1189
       Punch             |     3 |     3 |    18 |    29 ||    53
Throw: Throwing net      |       |       |       |     4 ||     4
  Use: Scroll            |       |     1 |    14 |     4 ||    19
       Potion            |       |       |       |     7 ||     7
 Stab: Sleeping          |       |       |     1 |       ||     1
       Held in net/web   |       |       |       |     1 ||     1
Armor: Leather armour    |    11 |       |       |       ||    11
       Ring mail         |     4 |     7 |    64 |   177 ||   252
       Scale mail        |       |    84 |    44 |       ||   128
Dodge: Dodged            |    36 |   104 |   257 |   484 ||   881

Table legend: (Time is in decaauts)
 A = Elapsed time spent in this place.
 B = Non-inter-level travel time spent in this place.
 C = Inter-level travel time spent in this place.
 D = Time resting spent in this place.
 E = Time spent auto-exploring this place.
 F = Levels seen in this place.
 G = Mean time per level.
                   A        B        C        D        E       F      G
               +--------+--------+--------+--------+--------+-----+--------+
         Total |  13289 |  12830 |    459 |   3445 |   7296 |  13 | 1022.2 |
       Dungeon |  12892 |  12483 |    409 |   3445 |   6949 |  12 | 1074.3 |
        Temple |    396 |    347 |     49 |      0 |    347 |   1 |  396.0 |
               +--------+--------+--------+--------+--------+-----+--------+

Top non-repeatable levels by time:
    D:11: 1783 daAuts
     D:4: 1642 daAuts
     D:8: 1437 daAuts
     D:5: 1390 daAuts
    D:10: 1192 daAuts
     D:7: 1010 daAuts
     D:2: 873 daAuts
     D:1: 849 daAuts
     D:9: 828 daAuts
     D:6: 726 daAuts
     D:3: 685 daAuts
    D:12: 473 daAuts
  Temple: 396 daAuts
